Unix NetHack Version 5.0.0-0 post-release - last build May 31 2026 23:59:36 (970b52f25bf058293b47ddfd14a1e40e571c508c,branch:main).

Game began 2026-06-03 00:26:15, ended 2026-06-03 00:52:18.

Drastanta, lawful male human Knight

                                              -------
                                             --.--..|      ----
                      ---     ----           |......--  ----..--
                    ---..   ---..--          --......----......|   ------
                     ....----.....--      ----.......^........------..|.| ---
                       ....|.......---   --.|.......------..............| |.|
       ---    -     ----.............-----........---    ---.------....-- |.--
       -.......................................>.-- ---    ---    ---..|  |..|
                  -----.-....-........--------...| --.----    ------|.--  |.--
                      |.0.%%.^....|.....--   |...---.....-- ---....-|.|   |.|
                    ---....)).....|...0..-- --............| |.......|.-----.|
                    |..........%.....)....---..)..........---..........||...|
                    |........)[..%..%%.....%..........).@@.|.........|.||.---
            --    ---.........)....<.---.............).....f.........|.--.|
            -..........%*.)........--- --.---........................|....-
          #...............%.......--    --- |.....---.......|.........--...|
          #.......................|         --...-- |......----........|...|
          #-........|......*...----          -----  ---.----  --..---.------
           #.......---...--...--                      ---      |..|  --
           #--.|.--  |..----..|                                ----
             ----    ----  ----
Drastanta the Bachelor   St:14 Dx:8 Co:16 In:7 Wi:14 Ch:18  Lawful
Dlvl:6  $:43 HP:0(43) Pw:34(34) AC:1  Xp:6 T:3265 

Latest messages:
 A board beneath you squeaks a G sharp loudly.
 The saddled warhorse picks up a leash.
 The gnome misses!
 You kill the gnome!
 Welcome to experience level 6.
 The saddled warhorse drops a leash.
 The saddled warhorse picks up a leash.
 You hear crashing rock.
 You hear a G sharp squeak in the distance.
 The Woodland-elf shoots 4 elven arrows!
 The 1st elven arrow misses you.
 The 2nd elven arrow misses you.
 The 3rd elven arrow misses you.
 The 4th elven arrow misses you.
 The Woodland-elf shoots 3 elven arrows!
 The 1st elven arrow misses you.
 You are hit by the 2nd elven arrow.
 The 3rd elven arrow misses you.
 The Woodland-elf wields an elven short sword!
 The Woodland-elf thrusts his elven short sword.
 The Woodland-elf misses!
 You miss the Woodland-elf.
 The Woodland-elf thrusts his elven short sword.
 The Woodland-elf misses!
 You miss the Woodland-elf.
 The Woodland-elf thrusts his elven short sword.
 The Woodland-elf hits!
 You miss the Woodland-elf.
 The Woodland-elf thrusts his elven short sword.
 The Woodland-elf misses!
 You miss the Woodland-elf.
 The Woodland-elf thrusts his elven short sword.
 The Woodland-elf hits!
 You hit the Woodland-elf.
 The Woodland-elf thrusts his elven short sword.
 The Woodland-elf hits!
 You hit the Woodland-elf.
 The Woodland-elf thrusts his elven short sword.
 The Woodland-elf misses!
 You miss the Woodland-elf.
 The Woodland-elf thrusts his elven short sword.
 The Woodland-elf hits!
 What do you want to read? [b or ?*] ?
 You read the scroll.
 The scroll erupts in a tower of flame!
 Boom!
 The Woodland-elf is caught in the tower of flame!
 The tower of flame is fatal.
 Do you want your possessions identified? [ynq] (y) n
 Do you want to see your attributes? [ynq] (y) q

Inventory:
 Coins    ('$')
  $ - 43 gold pieces
 Weapons  (')')
  u - 15 +0 crossbow bolts
  o - a +5 crossbow (alternate weapon; not wielded)
  a - a +1 long sword (weapon in right hand)
 Armor    ('[')
  P - a blessed corroded +1 helmet (being worn)
  f - a blessed +0 pair of leather gloves (being worn)
  y - an uncursed +0 pair of iron shoes (being worn)
  S - a blessed +0 small shield (being worn)
  z - an uncursed +0 dwarvish cloak (being worn)
  c - an uncursed +1 ring mail (being worn)
 Comestibles  ('%')
  h - 2 uncursed carrots
  V - an uncursed partly eaten food ration
  X - an uncursed food ration
 Potions  ('!')
  m - an uncursed potion of gain ability
  I - an uncursed potion of healing
 Wands    ('/')
  t - a wand of opening (0:6)
 Tools    ('(')
  B - an uncursed skeleton key
  U - an uncursed tin whistle
 Gems/Stones  ('*')
  v - an uncursed touchstone

Drastanta the Knight's attributes:

Background:
 You were a Bachelor, a level 6 male human Knight.
 You were lawful, on a mission for Lugh
 who was opposed by Brigit (neutral) and Manannan Mac Lir (chaotic).
 You were right-handed.
 You were in the Gnomish Mines, on level 6.
 You entered the dungeon 3265 turns ago.
 It was the midnight hour.
 You had 323 experience points, 317 more were needed to attain level 7.

Basics:
 You had 0 out of 43 hit points.
 You had all 34 energy points (spell power).
 Your armor class was 1.
 Your wallet contained 43 zorkmids.
 Autopickup was on for '$' plus thrown.

Final Characteristics:
 Your strength was 14 (limit:18/100).
 Your dexterity was 8 (limit:18).
 Your constitution was 16 (limit:18).
 Your intelligence was 7 (limit:18).
 Your wisdom was 14 (limit:18).
 Your charisma was 18 (limit:18).

Final Status:
 You weren't hungry.
 You were unencumbered.
 You were wielding a long sword.
 You had basic skill with long sword and could have enhanced that.

Final Attributes:
 You were piously aligned.
 Your items were somewhat protected from fire.
 Your items were somewhat protected from cold.
 You could jump.
 You were warded.
 You are dead.

Miscellaneous:
 You didn't encounter any bones levels.
 Total elapsed playing time was 26 minutes and 2 seconds.

Major events:
 Turn
    1: Drastanta the lawful male human Knight entered the dungeon
 1022: entered the Gnomish Mines
 1028: attained the rank of Esquire (level 3)
 2206: reached Mine Town
 3182: attained the rank of Bachelor (level 6)
 3265: burned by a tower of flame

You didn't know any spells.

Skills:
 Fighting Skills
   bare handed combat [Unskilled]
   two weapon combat  [Unskilled]
   riding             [Basic]
 Weapon Skills
   dagger             [Unskilled]
   knife              [Unskilled]
   axe                [Unskilled]
   pick-axe           [Unskilled]
   short sword        [Unskilled]
   broadsword         [Unskilled]
   long sword         [Basic]
   two-handed sword   [Unskilled]
   saber              [Unskilled]
   club               [Unskilled]
   mace               [Unskilled]
   morning star       [Unskilled]
   flail              [Unskilled]
   hammer             [Unskilled]
   polearms           [Unskilled]
   spear              [Unskilled]
   trident            [Unskilled]
   lance              [Basic]
   bow                [Unskilled]
   crossbow           [Unskilled]
 Spellcasting Skills
   attack spells      [Unskilled]
   healing spells     [Unskilled]
   clerical spells    [Unskilled]

Voluntary challenges:
 Character rerolling was not enabled.
 You never genocided any monsters.
 You never polymorphed an object.
 You never changed form.
 You used no wishes.
Achievements:
 You entered a shop.
 You entered the Gnomish Mines.
 You attained the rank of Esquire.
 You entered Minetown.
 You entered a temple.
 You attained the rank of Bachelor.

 The Dungeons of Doom: levels 1 to 3
    Level 1:
    Level 2:
       A weapon shop.
       Stairs down to The Gnomish Mines.
    Level 3:
 The Gnomish Mines: levels 3 to 6
    Level 3:
    Level 4:
    Level 5:
       Many shops, a temple and an altar, some fountains, a sink.
    Level 6: <- You were here.
       Final resting place for
          you, burned by a tower of flame.


Vanquished creatures:
  3 watchmen
  a dingo
  4 human zombies
  a water nymph
  6 gnome leaders
  a gnomish wizard
  a kitten
  3 dwarves
  a kobold shaman
  5 monkeys
 an acid blob
  3 coyotes
  2 hobbits
  3 giant rats
  5 cave spiders
  a red mold
 34 gnomes
  a gecko
  7 jackals
  a kobold
  a goblin
  6 sewer rats
  9 grid bugs
  4 lichens
  6 newts
110 creatures vanquished.

No species were genocided or became extinct.

Game over:
                       ----------
                      /          \
                     /    REST    \
                    /      IN      \
                   /     PEACE      \
                  /                  \
                  |    Drastanta     |
                  |      43 Au       |
                  |   burned by a    |
                  |  tower of flame  |
                  |                  |
                  |                  |
                  |       2026       |
                 *|     *  *  *      | *
        _________)/\\_//(\/(/\)/\//\/|_)_______

Fare thee well Drastanta the Knight...

You burned in The Gnomish Mines on dungeon level 6 with 1591 points,
and 43 pieces of gold, after 3265 moves.
You were level 6 with a maximum of 43 hit points when you burned.

